 Dungeon Sprint DCSS version 0.32-a0-571-gec57dfcd37 (webtiles) character file.

Game seed: 17720974162143890172

48 rocky1 the Cleaver (level 7, 0/69 HPs)
             Began as a Mountain Dwarf Fighter on Mar 1, 2024.
             Was an Initiate of Gozag.
             Slain by a swamp drake (7 damage)
             ... in the Dungeon (Sprint VI: "Thunderdome").
             The game lasted 00:03:45 (358 turns).

rocky1 the Cleaver (Mountain Dwarf Fighter)          Turns: 358, Time: 00:03:46

Health: 0/69       AC:  8    Str: 28    XL:     7   Next: 13%
Magic:  7/7        EV: 10    Int:  8    God:    Gozag
Gold:   235        SH:  0    Dex:  9    Spells: 6/6 levels left

rFire   . . .        a - +0 war axe
rCold   + . .        c - +0 buckler
rNeg    + + .        b - +0 scale mail
rPois   .            (no helmet)
rElec   +            (no cloak)
rCorr   +            (no gloves)
SInv    +            (no boots)
Will    +....        s - amulet of the Past {RegenMP rElec rN+ RegenMP+ Str+3} Stlth
                     u - ring "Ucoub" {rF+ rN+ Will+ SInv}
HPRegen 0.31/turn    o - ring "Pupter" {Ice rElec rCorr Str+4 Slay+3}
MPRegen 0.50/turn

%: no teleportation
@: confused, gold aura, on berserk cooldown, slowed, very slow
A: runic magic, artefact enchanting
a: Renounce Religion, Potion Petition, Call Merchant, Bribe Branch


You were in the Dungeon.
You worshipped Gozag.
Gozag was aware of your devotion.
You visited 1 branch You collected 739 gold pieces.
You spent 504 gold pieces at shops.

Inventory:

Hand Weapons
 a - a +0 war axe (weapon)
Armour
 b - a +0 scale mail (worn)
 c - a +0 buckler (worn)
Jewellery
 o - the ring "Pupter" (right hand) {Ice rElec rCorr Str+4 Slay+3}
   (You bought it in a shop in the Dungeon)

   [ring of ice]

   Ice:       It enhances your ice magic.
   Str+4:     It affects your strength (+4).
   Slay+3:    It affects your accuracy & damage with ranged weapons and melee
   (+3).
   rF-:       It makes you vulnerable to fire.
   rC+:       It protects you from cold.
   rElec:     It insulates you from electricity.
   rCorr:     It protects you from acid and corrosion.
 p - the amulet of Gimniskon {Faith rPois Str+5}
   (You bought it in a shop in the Dungeon)

   [amulet of faith]

   Faith:     It allows you to gain divine favour quickly.
   Str+5:     It affects your strength (+5).
   rPois:     It protects you from poison
 q - the amulet of the Teaching Gods {RegenMP Will+ RegenMP+}
   (You bought it in a shop in the Dungeon)

   [amulet of magic regeneration]

   RegenMP:   It increases your rate of magic regeneration.
   Will+:     It increases your willpower.
   RegenMP+:  It increases your rate of magic regeneration.
 r - the ring "Koawed" {Str+4 Dex+6}
   (You bought it in a shop in the Dungeon)

   [ring of dexterity]

   Str+4:     It affects your strength (+4).
   Dex+6:     It affects your dexterity (+6).
 s - the amulet of the Past (around neck) {RegenMP rElec rN+ RegenMP+ Str+3}
   (You bought it in a shop in the Dungeon)

   [amulet of magic regeneration]

   RegenMP:   It increases your rate of magic regeneration.
   Str+3:     It affects your strength (+3).
   rElec:     It insulates you from electricity.
   rN+:       It protects you from negative energy.
   RegenMP+:  It increases your rate of magic regeneration.
 t - the ring "Ytau" {rC- Str+6 Int+3 Dex+2}
   (You bought it in a shop in the Dungeon)

   [ring of strength]

   Str+6:     It affects your strength (+6).
   Int+3:     It affects your intelligence (+3).
   Dex+2:     It affects your dexterity (+2).
   rC-:       It makes you vulnerable to cold.
 u - the ring "Ucoub" (left hand) {rF+ rN+ Will+ SInv}
   (You bought it in a shop in the Dungeon)

   [ring of willpower]

   rF+:       It protects you from fire.
   rN+:       It protects you from negative energy.
   Will+:     It increases your willpower.
   SInv:      It lets you see invisible.
Wands
 l - a wand of acid (5)
 m - a wand of iceblast (5)
Scrolls
 j - 4 scrolls of blinking
 n - 3 scrolls of fog
Potions
 d - a potion of might
 e - 5 potions of curing
 f - 7 potions of heal wounds
 g - 4 potions of haste
 h - 2 potions of magic
 k - 2 potions of resistance


   Skills:
 + Level 8.9 Fighting
 + Level 11.4 Axes
 + Level 7.9 Armour
 + Level 0.5 Dodging
 + Level 0.6 Stealth
 + Level 8.3 Shields


You had 6 spell levels left.
You didn't know any spells.
Your spell library was empty.

Dungeon Overview and Level Annotations

Branches:
Dungeon (1/1)

Altars:
Cheibriados
Dithmenos
Fedhas
Gozag
Kikubaaqudgha
Makhleb
Okawaru
Qazlal
Ru
Sif Muna
Trog
Uskayaw
Vehumet
Wu Jian
Xom
Yredelemnul
Zin
The Shining One
Beogh
Lugonu

Shops:
D *[=??*?*:[((!!!!


Innate Abilities, Weirdness & Mutations

Your spellcasting is much less encumbered by armour.
You can use scrolls of enchantment on lesser artefacts.


Message History

Your Shields skill increases to level 8!
You have reached level 7!
The swamp drake breathes poison at you.
The noxious blast engulfs you but does no damage.
You are poisoned.
You see here 189 gold pieces.
You feel a strong urge to attack something.
You are engulfed in noxious fumes.
You are no longer berserk.
You are exhausted.
You feel yourself slow down.
You feel sick.
You see here 180 gold pieces.
You slice the swamp drake!!
The swamp drake is heavily wounded.
You are engulfed in noxious fumes.
You choke on the stench!
You are confused.
You feel sick.
You are no longer poisoned.
The swamp drake closely misses you.
You hit the swamp drake.
The swamp drake is severely wounded.
You are engulfed in noxious fumes.
You choke on the stench!
You are more confused.
The swamp drake bites you!
* * * LOW HITPOINT WARNING * * *
The swamp drake breathes poison at you.
The noxious blast engulfs you but does no damage.
You are poisoned.
You are engulfed in noxious fumes.
You choke on the stench!
You are more confused.
You feel sick. The swamp drake bites you!
* * * LOW HITPOINT WARNING * * *
Unknown command.
You bump into the rock wall.
You feel sick.
You are no longer poisoned.
The swamp drake bites you.
* * * LOW HITPOINT WARNING * * *
The swamp drake bites you!
You die...
Your body crumbles into a pile of gold.

#_......._# #_......._#
#_......._# ###.........###
#⌠...........⌠#
######.ß.........ß.######
##∩___......###.......__∩##
#∩........ß.# #.ßk.......∩###
............###.@$$$........##
.........###...###..........⌠#
.........# #.<.# #..........⌠#
.........###...###..........⌠#
............###.............##
#∩........ß.# #.ß........∩###
##∩_._......###.......__∩##
######.ß.........ß.######
#⌠...........⌠#


You could see a swamp drake.

Vanquished Creatures
  A tyrant leech (D)
  2 swamp drakes (D)
  A bullfrog (D)
  3 jellies (D)
  7 endoplasms (D)
14 creatures vanquished.

Notes
Turn   | Place    | Note
-------+----------+-------------------------------------------
     0 | D        | rocky1 the Mountain Dwarf Fighter began the quest for the
                  | Orb.
     0 | D        | Reached XP level 1. HP: 19/19 MP: 1/1
     4 | D        | Found a blossoming altar of Fedhas.
     4 | D        | Found a bloodstained altar of Trog.
     5 | D        | Found a glowing silver altar of Zin.
     5 | D        | Found a glowing golden altar of the Shining One.
     5 | D        | Round 1.
     6 | D        | Found a shimmering altar of Xom.
     6 | D        | Found a corrupted altar of Lugonu.
     7 | D        | Found Tidicw's Timeless Talismans.
     7 | D        | Found a sacrificial altar of Ru.
     7 | D        | Found Alydorgh's Identification Station.
     8 | D        | Found Cevevvuh's Jewellery.
     8 | D        | Found Ibrea's Advanced Armour.
     8 | D        | Found an iron altar of Okawaru.
    10 | D        | Found Fevuifav's Magic Scroll Shop.
    11 | D        | Found a basalt altar of Yredelemnul.
    11 | D        | Found a shimmering blue altar of Sif Muna.
    11 | D        | Found a hide-covered altar of Uskayaw.
    11 | D        | Found Zudorph's Staff Store.
    11 | D        | Found Soefretz's Magic Scroll Shop.
    11 | D        | Found Afypoene's Must-Have Magic.
    13 | D        | Noticed a jelly
    17 | D        | Found an opulent altar of Gozag.
    18 | D        | Found a snail-covered altar of Cheibriados.
    19 | D        | Found Fybbomuh's Distillery.
    20 | D        | Found Adalyod's Distillery.
    20 | D        | Found Lyuklewn's Bottled Wisdom.
    25 | D        | Became a worshipper of Gozag Ym Sagoz the Greedy
    28 | D        | Killed a jelly
    29 | D        | Reached skill level 5 in Fighting
    29 | D        | Reached skill level 3 in Axes
    29 | D        | Reached XP level 2. HP: 20/29 MP: 2/2
    29 | D        | Reached XP level 3. HP: 25/36 MP: 3/3
    58 | D        | Found a shadowy altar of Dithmenos.
    59 | D        | Found an ornate altar of the Wu Jian Council.
    60 | D        | Found a roughly hewn altar of Beogh.
    62 | D        | Found Rioczog's Premium Goods.
    63 | D        | Found a stormy altar of Qazlal.
    63 | D        | Found a radiant altar of Vehumet.
    63 | D        | Found Woatsuu's Weapon Rack.
    65 | D        | Found Kuisk's Miscellaneous Merchandise.
    65 | D        | Found Iminy's Basic Armour.
    69 | D        | Found a burning altar of Makhleb.
    70 | D        | Found an ancient bone altar of Kikubaaqudgha.
    71 | D        | Found Acruxageh's Do-It-Yourself Clinic.
    92 | D        | Arena points: 12 (+12) [x2]
    93 | D        | Reached skill level 5 in Armour
    93 | D        | Reached skill level 5 in Shields
   119 | D        | Bought a bound golden ring for 45 gold pieces
   119 | D        | Identified the ring "Pupter" {Ice rElec rCorr Str+4 Slay+3}
                  | (You bought it in a shop in the Dungeon)
   119 | D        | Bought a smoking brass amulet for 45 gold pieces
   119 | D        | Identified the amulet of Gimniskon {Faith rPois Str+5} (You
                  | bought it in a shop in the Dungeon)
   119 | D        | Bought a coiled golden amulet for 45 gold pieces
   119 | D        | Identified the amulet of the Teaching Gods {RegenMP Will+
                  | RegenMP+} (You bought it in a shop in the Dungeon)
   119 | D        | Bought a bound pewter ring for 45 gold pieces
   119 | D        | Identified the ring "Koawed" {Str+4 Dex+6} (You bought it
                  | in a shop in the Dungeon)
   119 | D        | Bought a faintly glowing platinum amulet for 45 gold pieces
   119 | D        | Identified the amulet of the Past {RegenMP rElec rN+
                  | RegenMP+ Str+3} (You bought it in a shop in the Dungeon)
   126 | D        | Bought a fine copper ring for 45 gold pieces
   126 | D        | Identified the ring "Ytau" {rC- Str+6 Int+3 Dex+2} (You
                  | bought it in a shop in the Dungeon)
   126 | D        | Bought a fine turquoise ring for 45 gold pieces
   126 | D        | Identified the ring "Ucoub" {rF+ rN+ Will+ SInv} (You
                  | bought it in a shop in the Dungeon)
   142 | D        | Round 2.
   209 | D        | Reached skill level 4 in Axes
   209 | D        | Reached XP level 4. HP: 42/44 MP: 4/4
   272 | D        | Arena points: 48 (+36) [x3]
   273 | D        | Reached skill level 5 in Axes
   301 | D        | Bought 4 potions of curing for 84 gold pieces
   301 | D        | Bought 3 potions of heal wounds for 105 gold pieces
   326 | D        | Round 3.
   335 | D        | Noticed a bullfrog
   336 | D        | Noticed a swamp drake
   336 | D        | Noticed a swamp drake
   338 | D        | Noticed a tyrant leech
   343 | D        | Killed a bullfrog
   344 | D        | Reached skill level 6 in Axes
   344 | D        | Reached XP level 5. HP: 51/51 MP: 5/5
   345 | D        | Noticed a swamp drake
   346 | D        | Killed a swamp drake
   347 | D        | Reached skill level 8 in Axes
   350 | D        | Killed a swamp drake
   351 | D        | Reached skill level 9 in Axes
   351 | D        | Reached XP level 6. HP: 37/61 MP: 6/6
   352 | D        | Killed a tyrant leech
   353 | D        | Reached skill level 11 in Axes
   353 | D        | Reached XP level 7. HP: 42/69 MP: 7/7
   358 | D        | Slain by a swamp drake

Illustrated notes

Levels and vault maps discovered:
D:        arena_sprint

Skill      XL: |  1  2  3  4  5  6 |
---------------+-------------------+-----
Fighting       | 5 6 8 |  8.9
Axes           | 3 4 6 9 11 | 11.4
Armour         | 4 5 6 7 |  7.9
Shields        | 4 5 6 7 8 |  8.3
Dodging        | |  0.5
Stealth        | |  0.6

Action                     |  1- 3 |  4- 6 |  7- 9 || total
---------------------------+-------+-------+-------++-------
  Melee: War axe           |    18 |    18 |     2 ||    38
    Use: Potion            |       |     1 |       ||     1
   Stab: Distracted        |       |     1 |       ||     1
 Armour: Scale mail        |     5 |    11 |     4 ||    20
  Dodge: Dodged            |     9 |    10 |     1 ||    20
  Block: Buckler           |     1 |     3 |       ||     4

Table legend: (Time is in decaauts)
 A = Elapsed time spent in this place.
 B = Non-inter-level travel time spent in this place.
 C = Inter-level travel time spent in this place.
 D = Time resting spent in this place.
 E = Time spent auto-exploring this place.
 F = Levels seen in this place.
 G = Mean time per level.
                   A        B        C        D        E       F      G
               +--------+--------+--------+--------+--------+-----+--------+
         Total |    363 |    363 |      0 |     21 |      0 |   1 |  363.0 |
       Dungeon |    363 |    363 |      0 |     21 |      0 |   1 |  363.0 |
               +--------+--------+--------+--------+--------+-----+--------+

Top non-repeatable levels by time:
       D: 363 daAuts
